 Dungeon Crawl Stone Soup version 0.15-a0-1579-gd26fec2 (webtiles) character file.

265 Duskembrace the Cudgeler (level 5, 0/61 HPs)
             Began as a Demonspawn Berserker on June 18, 2014.
             Was a Priest of Trog.
             Succumbed to a goblin's poison
             ... on Level 4 of the Dungeon on June 19, 2014.
             The game lasted 00:13:10 (3280 turns).

Duskembrace the Cudgeler (Demonspawn Berserker)     Turns: 3280, Time: 00:13:10

HP   0/61        AC 17     Str 22      XL: 5   Next: 99%
MP   5/5         EV  6     Int  9      God: Trog [***...]
Gold 155         SH  0     Dex 13      Spells:  0 memorised,  4 levels left

rFire  . . .     SeeInvis .     a - +0 mace
rCold  . . .     Clarity  +     o - +0 plate armour
rNeg   . . .     rCorr    .     (no shield)
rPois  .         rRot     .     (no helmet)
rElec  .         Spirit   .     q - +0 cloak
SustAb .         Warding  .     l - +1 pair of gloves
rMut   .         Stasis   .     r - +2 pair of boots
Gourm  .                        g - amulet of clarity
MR     .....                    (no ring)
                                (no ring)

@: berserking (expiring), lethally poisoned, very quick, not resistant to
hostile enchantments, extremely unstealthy
A: hooves 2, spiny 2
a: Burn Spellbooks, Berserk, Trog's Hand, Renounce Religion


You were on level 4 of the Dungeon.
You worshipped Trog.
Trog was most pleased with you.
You were not hungry.

You visited 1 branch of the dungeon, and saw 4 of its levels.

You collected 155 gold pieces.

Inventory:

Hand weapons
 a - a +0 mace (weapon)
 i - a +0 whip
Armour
 b - a +0 animal skin
 k - a +0 ring mail
 l - a +1 pair of gloves (worn)
 o - a +0 plate armour (worn)
 q - a +0 cloak (worn)
 r - a +2 pair of boots (worn)
Magical devices
 w - a wand of digging (16) {unknown}
Comestibles
 c - 3 bread rations
 j - a royal jelly
 p - 3 meat rations
 z - a rotting chunk of hobgoblin flesh
Scrolls
 d - 4 scrolls of remove curse {unknown}
 e - 5 scrolls of identify {unknown}
 m - 2 scrolls of teleportation {unknown}
 n - 3 scrolls of blinking {unknown}
 u - 2 scrolls of fear {unknown}
 v - a scroll of immolation {unknown}
Jewellery
 g - an amulet of clarity (around neck)
Potions
 f - a potion of cure mutation {unknown}
 h - 3 potions of heal wounds {unknown}
 s - a potion of brilliance {unknown}
 t - 3 potions of curing {unknown}
 x - a potion of berserk rage {unknown}


   Skills:
 - Level 3.0 Fighting
 + Level 6.1 Maces & Flails
 - Level 1.7 Armour
 - Level 1.7 Dodging


You had 4 spell levels left.
You didn't know any spells.

Dungeon Overview and Level Annotations

Branches:
Dungeon (4/15)
 Temple: D:4-7

Altars:
Kikubaaqudgha
Qazlal

Shops:
D:4 (

Annotations:
D:4 Edmund


Innate Abilities, Weirdness & Mutations

You have hoof-like feet.
You are mostly covered in sharp spines.


Message History

You feel sick. Something hits you but does no damage.
You hit the orc but do no damage. You kick the orc!
The orc is almost dead.
* * * LOW HITPOINT WARNING * * *
You feel sick. The orc hits you but does no damage.
Something hits you but does no damage.
An orc comes into view. It is wielding a morningstar.
You sock the orc!
You kill the orc!
Trog accepts your kill.
* * * LOW HITPOINT WARNING * * *
You feel sick.
You hit the orc.
You kill the orc!
Trog accepts your kill.
* * * LOW HITPOINT WARNING * * *
You feel sick. Something hits you but does no damage. Something hits you!
* * * LOW HITPOINT WARNING * * *
You hit something. Your kick misses something.
You die...

##################
..∩.....[).........
........)@........#
.........)#####....#
..........# .
..####....# .
#..#....# .o
#..'...o# .o{.
#..#....#####....
#..#......o...o#
#..#.......o...#


You could see an orc.

Vanquished Creatures
  2 orc wizards (D:4)
  Crazy Yiuf (D:3)
  Ijyb (D:3)
  Terence (D:3)
  6 adders
  A giant mite (D:1)
  2 giant geckos
  2 oozes
  6 orcs (D:4)
  3 giant cockroaches
  11 goblins
  13 hobgoblins
  A jackal (D:3)
  A quokka (D:3)
  6 bats
  5 giant newts
  14 kobolds
  7 rats
83 creatures vanquished.

Notes
Turn   | Place    | Note
--------------------------------------------------------------
     0 | D:1      | Duskembrace, the Demonspawn Berserker, began the quest for the Orb.
     0 | D:1      | Reached XP level 1. HP: 18/18 MP: 1/1
   141 | D:1      | Gained mutation: You are partially covered in sharp spines. [demonic ancestry]
   141 | D:1      | Reached XP level 2. HP: 5/24 MP: 2/2
  1003 | D:2      | Gained mutation: You are mostly covered in sharp spines. [demonic ancestry]
  1003 | D:2      | Reached XP level 3. HP: 29/29 MP: 3/3
  1062 | D:2      | Acquired Trog's second power
  1082 | D:2      | Reached skill level 4 in Maces & Flails
  1387 | D:2      | Gained mutation: You have large cloven feet. [demonic ancestry]
  1387 | D:2      | Reached XP level 4. HP: 19/35 MP: 4/4
  1610 | D:2      | Found an ancient bone altar of Kikubaaqudgha.
  1733 | D:2      | Found a stormy altar of Qazlal.
  1846 | D:3      | Noticed Ijyb
  1871 | D:3      | Killed Ijyb
  2015 | D:3      | Upgraded the game from 0.15-a0-1569-gdbe329f to 0.15-a0-1579-gd26fec2
  2058 | D:3      | Noticed Crazy Yiuf
  2064 | D:3      | Killed Crazy Yiuf
  2064 | D:3      | Reached skill level 5 in Maces & Flails
  2132 | D:3      | Gained mutation: You have hoof-like feet. [demonic ancestry]
  2132 | D:3      | Reached XP level 5. HP: 21/41 MP: 5/5
  2475 | D:3      | Noticed Terence
  2489 | D:3      | Killed Terence
  3247 | D:4      | Noticed Edmund
  3253 | D:4      | Found Qossuqimm's Weapon Shop.
  3273 | D:4      | Reached skill level 6 in Maces & Flails
  3279 | D:4      | HP: 2/61 [something (7)]
  3280 | D:4      | Succumbed to a goblin's poison

Action                   |  1- 3 |  4- 6 || total
-------------------------+-------+-------++-------
Melee: Mace              |   104 |   153 ||   257
Invok: Berserk           |     2 |     1 ||     3
